 Dungeon Crawl Stone Soup version 0.28.0-45-g0d030f2227 (webtiles) character file.

Game seed: 8662394071374814749

8 firemarshallily the Insei (level 2, 0/22 HPs)
             Began as a Djinni Transmuter on Apr 12, 2022.
             Slain by a quokka (4 damage)
             ... on level 1 of the Dungeon.
             The game lasted 00:02:49 (613 turns).

firemarshallily the Insei (Djinni Transmuter)        Turns: 613, Time: 00:02:50

Health: 0/22       AC:  2    Str:  9    XL:     2   Next: 15%
Gold:   10         EV: 12    Int: 14    God:
                   SH:  0    Dex: 13

rFire   + + .      SeeInvis .   f - +0 dagger
rCold   x . .      Faith    .   (no shield)
rNeg    . . .      Spirit   .   a - +0 robe
rPois   ∞          Reflect  .   (no helmet)
rElec   .          Harm     .   (no cloak)
rCorr   .          Rampage  .   (no gloves)
Will    .....                   (boots unavailable)
Stlth   +.........              (no amulet)
HPRegen 0.07/turn               (no ring)
MPRegen 0.00/turn               (no ring)

@: flying
A: sickness immunity, fire resistance 2, cold vulnerability 1, float, innate
caster, HP casting, extra vitality 1
a: no special abilities


You were on level 1 of the Dungeon.
You visited 1 branch of the dungeon, and saw 1 of its levels.

You collected 10 gold pieces.

Inventory:

Hand Weapons
 f - a +0 dagger (weapon)
Missiles
 e - 27 stones (quivered)
Armour
 a - a +0 robe (worn)
Jewellery
 b - a ring of protection from fire
Scrolls
 c - a scroll of noise {unknown}


   Skills:
 + Level 1.0 Fighting
 + Level 2.2 Dodging
 + Level 3.5 Unarmed Combat
 + Level 1.5 Spellcasting


You couldn't memorise any spells.
You knew the following spells:

 Your Spells              Type           Power      Damage    Failure   Level
a - Beastly Appendage     Tmut           10%        N/A       13%         1
b - Wereblood             Tmut           5%         N/A       21%         2
c - Spider Form           Tmut/Pois      5%         N/A       36%         3
d - Ice Form              Ice/Tmut       5%         N/A       78%         4
Your spell library was empty.

Dungeon Overview and Level Annotations

Branches:
Dungeon (1/15)

Altars:


Innate Abilities, Weirdness & Mutations

You are immune to sickness and miasma.
You are immune to poison.
Your flesh is very heat resistant. (rF++)
You are vulnerable to cold. (rC-)
You float through the air rather than walking.
You learn spells naturally, not from books.
Your magical power is your life essence.
You have superior vitality. (+4 MHP)


Message History

You barely miss the goblin.
The goblin is moderately wounded.
The goblin hits you with a +0 club. The quokka barely misses you.
You closely miss the quokka. Your headbutt misses the quokka.
The quokka barely misses you. The goblin barely misses you.
The quokka bites you.
You hit the quokka but do no damage. Your headbutt misses the quokka.
The goblin misses you. The quokka barely misses you.
You closely miss the goblin.
The goblin is moderately wounded.
The goblin hits you with a +0 club.
The quokka bites you but does no damage.
You hit the goblin.
The goblin is heavily wounded.
The goblin barely misses you. The quokka barely misses you.
You hit the goblin but do no damage.
The goblin is heavily wounded.
Your horns disappear.
The goblin hits you with a +0 club. The quokka closely misses you.
You miss the goblin.
The goblin is heavily wounded.
The quokka barely misses you. The goblin hits you with a +0 club.
The quokka closely misses you.
You hit the goblin.
You kill the goblin!
The quokka barely misses you.
You hit the quokka.
The quokka is heavily wounded.
The quokka barely misses you.
You closely miss the quokka.
The quokka is heavily wounded.
The quokka barely misses you.
You closely miss the quokka.
The quokka is heavily wounded.
The quokka bites you.
* * * LOW HITPOINT WARNING * * *
You hit the quokka.
The quokka is severely wounded.
The quokka completely misses you. The quokka bites you.
You die...

...#####.#
#.......
.........##
#####.#.
..........#
#.#.
..#####...#
#.##
#...#...#######
#.#
............(..
...
###.##..###....
# ..........+
.. ..
###.#.r@### ##
.. #..)#
#.#.....#
#...#...#
....#...# ...
#...# .. #...#
.....


You could see a quokka.

Vanquished Creatures
  An endoplasm (D:1)
  3 hobgoblins (D:1)
  2 goblins (D:1)
  A rat (D:1)
7 creatures vanquished.

Notes
Turn   | Place    | Note
-------+----------+-------------------------------------------
     0 | D:1      | firemarshallily the Djinni Transmuter began the quest for
                  | the Orb.
     0 | D:1      | Reached XP level 1. HP: 17/17 MP: 0/0
   358 | D:1      | Reached XP level 2. HP: 7/22 MP: 0/0
   613 | D:1      | Slain by a quokka

Illustrated notes

Levels and vault maps discovered:
D:1:      grunt_arrival_crossed_arrows, layout_basic, minmay_pentomino_z2

Action                   || total
-------------------------++-------
Melee: Dagger            ||    39
       Unarmed           ||    13
       Headbutt          ||     5
       Punch             ||     2
 Cast: Beastly Appendage ||     6
  Use: Potion            ||     2
Armor: Robe              ||     2
Dodge: Dodged            ||    40
